 Seeded DCSS version 0.29-a0-25-g7f48f510a0 (webtiles) character file.

Game seed: 10000000000011 (custom seed)

224 knot the Chopper (level 5, 0/38 (41) HPs)
             Began as a Demonspawn Berserker on Jan 31, 2022.
             Was a Believer of Trog.
             Succumbed to a scorpion's poison
             ... on level 3 of the Dungeon.
             The game lasted 00:02:50 (2899 turns).

knot the Chopper (Demonspawn Berserker)             Turns: 2899, Time: 00:02:51

HP:   0/38 (41)     AC:  2    Str: 17    XL:     5   Next: 67%
MP:   5/5           EV: 12    Int: 11    God:    Trog [**....]
Gold: 119           SH:  5    Dex: 12    Spells: 4/4 levels left

rFire   . . .      SeeInvis .   a - +0 hand axe
rCold   . . .      Faith    .   (no shield)
rNeg    . . .      Spirit   .   b - +0 animal skin
rPois   .          Reflect  +   (no helmet)
rElec   .          Harm     .   (no cloak)
rCorr   .          Rampage  .   (no gloves)
Will    ++...                   (no boots)
Stlth   +.........              d - amulet of reflection
HPRegen 1.12/turn               (no ring)
MPRegen 0.18/turn               (no ring)

@: mighty, lethally poisoned (0 -> -2), strong-willed, regenerating, drained
A: magic regeneration, demonic touch 1
a: Renounce Religion, Berserk, Trog's Hand


You were on level 3 of the Dungeon.
You worshipped Trog.
Trog was pleased with you.
You visited 1 branch of the dungeon, and saw 4 of its levels.

You collected 119 gold pieces.

Inventory:

Hand Weapons
 a - a +0 hand axe (weapon)
Missiles
 f - 91 stones (quivered)
 l - 2 poisoned darts
 p - 4 boomerangs
Armour
 b - a +0 animal skin (worn)
Jewellery
 d - an amulet of reflection (around neck)
Wands
 o - a wand of polymorph (8)
Scrolls
 c - a scroll of amnesia {unknown}
 h - 2 scrolls of identify {unknown}
 m - 2 scrolls of blinking {unknown}
 n - a scroll of fog {unknown}
Potions
 e - a potion of curing {unknown}
 g - a potion of lignification {unknown}
 j - a potion of heal wounds {unknown}
 k - a potion of magic {unknown}


   Skills:
 - Level 3.0 Fighting
 + Level 5.9 Axes
 - Level 1.7 Armour
 - Level 1.7 Dodging


You had 4 spell levels left.
You didn't know any spells.
Your spell library contained the following spells:

 Spells                   Type           Power      Damage    Failure   Level
 Corpse Rot               Necr/Air       0%         N/A       47%         2
 Ensorcelled Hibernation  Hex/Ice        0%         N/A       47%         2
 Passwall                 Tmut/Erth      0%         N/A       47%         2
 Poisonous Vapours        Pois/Air       0%         N/A       47%         2
 Swiftness                Air            0%         N/A       71%         3


Dungeon Overview and Level Annotations

Branches:
Dungeon (4/15)             Temple (0/1) D:4

Altars:

Shops:
D:3 [

Annotations:
D:4 Dowan, Duvessa


Innate Abilities, Weirdness & Mutations

You regenerate magic rapidly.
Your touch may inflict minor irresistible damage on your foes.


Message History

You feel sick.
There is a stone staircase leading down, spattered with blood here.
You start resting.
You feel sick.
You feel your anger nearly subside.
You are no longer berserk.
You are exhausted.
You feel yourself slow down.
You start resting.
You feel sick. x3
You are no longer poisoned.
You start resting.
You start resting.
You feel yourself speed up.
You start resting.
You recover from your berserk rage.
Unknown command.
You start resting.
You start resting.
HP restored.
There is a stone staircase leading down, spattered with blood here.
You climb downwards.
Level annotation: Dowan, Duvessa Duvessa hits you with a +2 short sword of draining!
You feel drained. The scorpion barely misses you.
There is a stone staircase leading up, spattered with blood here.
Unknown command.
Duvessa hits you with a +2 short sword of draining!
You feel drained. The scorpion stings you!
* * * LOW HITPOINT WARNING * * *
You are lethally poisoned!
The scorpion poisons you!
You climb upwards.
* * * LOW HITPOINT WARNING * * *
You feel very sick.
There is a stone staircase leading down, spattered with blood here.
Your skin crawls.
You feel strong-willed.
You feel sick. The scorpion stings you.
* * * LOW HITPOINT WARNING * * *
It was a potion of might.
You feel very mighty all of a sudden.
You die...

.#..........#.#..#...#
.#..........#.#......#
.#....#.##.##.##.##<.#
.######....##..#.###.#
## ########.#.###.#
##########.....#.#####
#.........#..#.#.....#
#.........#..#.#####.#
#.........#†@s.......#
#.........#.##.#####.#
#...........##.#.....#
#...........##.#.###.###
#...........##.#.......#
#......................#
########.#.###.#.#...#.#
#.#...........#.#
#.............#.#


You could see a scorpion.

Vanquished Creatures
  An ogre (D:3)
  An orc priest (D:4)
  5 adders
  2 orcs (D:4)
  6 endoplasms
  A giant cockroach (D:1)
  4 goblins
  5 hobgoblins
  14 jackals
  A ball python (D:2)
  7 bats
  5 frilled lizards
  3 kobolds
  5 rats
60 creatures vanquished.

Notes
Turn   | Place    | Note
-------+----------+-------------------------------------------
     0 | D:1      | knot the Demonspawn Berserker began the quest for the Orb.
     0 | D:1      | Reached XP level 1. HP: 18/18 MP: 1/1
    51 | D:1      | Reached skill level 3 in Axes
   163 | D:1      | Gained mutation: You regenerate magic rapidly. [demonic
                  | ancestry]
   163 | D:1      | Reached XP level 2. HP: 18/24 MP: 2/2
   411 | D:1      | You fall into a shaft and drop 1 floor!
   537 | D:1      | Gained mutation: Your touch may inflict minor irresistible
                  | damage on your foes. [demonic ancestry]
   537 | D:1      | Reached XP level 3. HP: 29/29 MP: 3/3
   650 | D:1      | Reached skill level 4 in Axes
  1285 | D:2      | Reached ** piety under Trog
  1508 | D:2      | Reached XP level 4. HP: 29/35 MP: 4/4
  1925 | D:3      | Noticed an ogre
  1947 | D:3      | Killed an ogre
  1948 | D:3      | Reached skill level 5 in Axes
  1948 | D:3      | Reached XP level 5. HP: 41/41 MP: 5/5
  2025 | D:3      | Found Daocsar's Antique Armour Emporium.
  2628 | D:4      | Found a staircase to the Ecumenical Temple.
  2648 | D:4      | Noticed Dowan
  2650 | D:4      | Noticed Duvessa
  2898 | D:3      | HP: 1/38 [scorpion (3)]
  2899 | D:3      | Succumbed to a scorpion's poison

Illustrated notes

Levels and vault maps discovered:
D:1:      lordsloth_arrival_two_stooges, layout_basic, grunt_decor_fettered,
          minmay_misc_feat_diagonals, nicolae_concentric_dashed_squares_wild
D:2:      layout_rooms, hangedman_decor_clover_reticule
D:3:      layout_basic, serial_shops, shop, kennysheep_path_1
D:4:      layout_rooms, temple_doors_e, uniq_duvessa, uniq_ijyb

Skill      XL: |  1  2  3  4 |
---------------+-------------+-----
Axes           | 3 4 5 |  5.9
Fighting       | |  3.0
Armour         | |  1.7
Dodging        | |  1.7

Action                   |  1- 3 |  4- 6 || total
-------------------------+-------+-------++-------
Melee: Hand axe          |    80 |    50 ||   130
       Touch             |     5 |     5 ||    10
       Punch             |     1 |       ||     1
Throw: Stone             |       |     2 ||     2
Invok: Berserk           |     3 |     3 ||     6
       Trog's Hand       |       |     1 ||     1
  Use: Potion            |       |     1 ||     1
 Stab: Sleeping          |     1 |     2 ||     3
Armor: Animal skin       |    12 |     1 ||    13
Dodge: Dodged            |    64 |    26 ||    90
Block: Other             |    12 |    13 ||    25

Table legend: (Time is in decaauts)
 A = Elapsed time spent in this place.
 B = Non-inter-level travel time spent in this place.
 C = Inter-level travel time spent in this place.
 D = Time resting spent in this place.
 E = Time spent auto-exploring this place.
 F = Levels seen in this place.
 G = Mean time per level.
                   A        B        C        D        E       F      G
               +--------+--------+--------+--------+--------+-----+--------+
         Total |   2963 |   2923 |     40 |    851 |   1639 |   4 |  740.8 |
       Dungeon |   2963 |   2923 |     40 |    851 |   1639 |   4 |  740.8 |
               +--------+--------+--------+--------+--------+-----+--------+

Top non-repeatable levels by time:
     D:1: 989 daAuts
     D:2: 870 daAuts
     D:3: 778 daAuts
     D:4: 325 daAuts
